 Dungeon Crawl Stone Soup version 0.30.1-3-gfc49f6343a (webtiles) character file.

Game seed: 4827683079425086804

44 Destapler the Chopper (level 3, 32/32 (34) HPs)
             Began as a Minotaur Monk on July 30, 2023.
             Was the Champion of Ignis.
             Got out of the dungeon alive.
             The game lasted 00:01:10 (972 turns).

Destapler the Chopper (Minotaur Monk)                Turns: 972, Time: 00:01:10

HP:   32/32 (34)    AC:  2    Str: 15    XL:     3   Next: 41%
MP:   2/2           EV: 13    Int:  7    God:    Ignis [******]
Gold: 43            SH:  0    Dex: 14    Spells: 2/2 levels left

rFire   + . .        a - +0 hand axe
rCold   . . .        d - orb {light}
rNeg    . . .        b - +0 robe
rPois   .            (helmet restricted)
rElec   .            (no cloak)
rCorr   .            (no gloves)
SInv    .            (no boots)
Will    .....        (no amulet)
Stlth   +            (no ring)
HPRegen 0.25/turn    (no ring)
MPRegen 0.08/turn

%: no passive effects
@: glowing, drained
A: horns 2, retaliatory headbutt
a: Renounce Religion, Fiery Armour, Foxfire Swarm, Rising Flame


You escaped.
You worshipped Ignis.
Ignis was exalted by your worship.
You visited 1 branch of the dungeon, and saw 1 of its levels.

You collected 43 gold pieces.

Inventory:

Hand Weapons
 a - a +0 hand axe (weapon)
Armour
 b - a +0 robe (worn)
 d - an orb of light (worn)
Scrolls
 e - 2 scrolls of identify {unknown}
 f - a scroll of butterflies {unknown}
 g - a scroll of vulnerability {unknown}
Potions
 c - a potion of ambrosia


   Skills:
 + Level 4.3 Fighting
 + Level 4.3 Axes
 + Level 3.9 Dodging


You had 2 spell levels left.
You didn't know any spells.
Your spell library was empty.

Dungeon Overview and Level Annotations

Branches:
Dungeon (1/15)

Altars:
Ignis


Innate Abilities, Weirdness & Mutations

You have a pair of horns on your head.
You reflexively headbutt those who attack you in melee.


Message History

You kill the hobgoblin!
A quokka is nearby!
A quokka is nearby!
You hit the quokka.
The quokka is heavily wounded.
The quokka bites you but does no damage.
The quokka bites you.
You hit the quokka but do no damage. Your headbutt misses the quokka.
The quokka is heavily wounded.
The quokka closely misses you.
A quokka is nearby!
A quokka is nearby!
You hit the quokka. You headbutt the quokka.
You kill the quokka!
No target in view!
You open the door.
There is an open door here.
Done exploring.
No target in view!
Done exploring.
No target in view!
Done exploring.
No target in view!
Done exploring.
No target in view!
Things that are here:
a +0 dagger of draining; a stone Search for what [? for help]? .
There is an open door here.
Things that are here:
a +0 dagger; 5 stones
There is a faded altar of an unknown god here.
This altar belongs to (a) Xom, (b) Ru or (c) Ignis, but you can't tell which.
Press the corresponding letter to learn more about a god, or press enter to convert or escape to cancel.
Ignis accepts your prayer! Ignis welcomes you!
You can now rocket upward and away.
There is a stone staircase leading down here.
There is a staircase leading out of the dungeon here.
Are you sure you want to leave the Dungeon?
This will make you lose the game!
You have escaped!

#.......#######.......### #.#
.....###.......###......## #.#
..###.............###....# #.#
.#......#######......#...###.#
#.....### ###.....#...##.####
#....## ##....#......#... #....##
##....#...##.#.## #.....###
###.....#...##.#.#
.#......#######.@....#...###.#.##
..###........^....###....# #.#...
.....###.......###......## #.#...
#.......#######.......### #.#.#.
#####.............##### #.....
############### ###.#. #.#. #.#.
###########################.#.


There were no monsters in sight!

Vanquished Creatures
  5 dart slugs (D:1)
  2 ball pythons (D:1)
  3 endoplasms (D:1)
  5 goblins (D:1)
  4 hobgoblins (D:1)
  4 jackals (D:1)
  A quokka (D:1)
  A bat (D:1)
  A frilled lizard (D:1)
  3 kobolds (D:1)
  2 rats (D:1)
31 creatures vanquished.

Notes
Turn   | Place    | Note
-------+----------+-------------------------------------------
     0 | D:1      | Destapler the Minotaur Monk began the quest for the Orb.
     0 | D:1      | Reached XP level 1. HP: 19/19 MP: 0/0
   131 | D:1      | Found a faded altar of an unknown god.
   133 | D:1      | Reached XP level 2. HP: 27/27 MP: 1/1
   628 | D:1      | Reached XP level 3. HP: 33/33 MP: 2/2
   916 | D:1      | Prayed at the altar of an unknown god.
   916 | D:1      | Became a worshipper of Ignis, the Dying Flame
   916 | D:1      | Reached ****** piety under Ignis
   972 | D:$      | Got out of the dungeon alive.

Illustrated notes

Levels and vault maps discovered:
D:1:      dpeg_arrival_oval, layout_basic,
          hellmonk_ecumenical_altar_prayer_group

Skill      XL: |  1  2 |
---------------+-------+-----
Fighting       | 4 |  4.3
Axes           | 4 |  4.3
Dodging        | |  3.9

Action                     || total
---------------------------++-------
  Melee: Hand axe          ||    70
         Headbutt          ||    14
 Armour: Robe              ||    15
  Dodge: Dodged            ||    46
